 Dungeon Crawl Stone Soup version 0.23.2-33-g5129a83 (webtiles) character file.

Game seed: 12553590896667944183

78 ultravoices the Chiller (level 4, -3/30 HPs)
             Began as a Merfolk Ice Elementalist on July 26, 2019.
             Killed from afar by Sigmund (5 damage)
             ... with a puff of flame
             ... on level 2 of the Dungeon.
             The game lasted 00:09:11 (1722 turns).

ultravoices the Chiller (Merfolk Ice Elementalist)  Turns: 1722, Time: 00:09:12

Health: -3/30      AC:  3    Str:  8    XL:     4   Next: 36%
Magic:  1/8        EV: 14    Int: 14    God:
Gold:   45         SH:  0    Dex: 15    Spells: 7/8 levels left

rFire    . . .     SeeInvis .   m - +0 spear
rCold    . . .     Gourm    .   (no shield)
rNeg     . . .     Faith    .   a - +0 robe
rPois    .         Spirit   .   l - +0 helmet
rElec    .         Reflect  .   (no cloak)
rCorr    .         Harm     .   (no gloves)
MR       .....                  (no boots)
Stlth    ++........             (no amulet)
HPRegen  0.10/turn              (no ring)
MPRegen  0.11/turn              (no ring)

@: very slightly contaminated
A: change form in water, swift swim, stealthy swim
a: no special abilities


You were on level 2 of the Dungeon.
You were hungry.

You visited 1 branch of the dungeon, and saw 2 of its levels.

You collected 45 gold pieces.

Inventory:

Hand Weapons
 i - a +0 dagger
 k - a +0 short sword
 m - a +0 spear (weapon)
Armour
 a - a +0 robe (worn)
 l - a +0 helmet (worn)
Scrolls
 e - a scroll of fear {unknown}
 f - a scroll of teleportation {unknown}
 g - a scroll of random uselessness {unknown}
 h - a scroll of remove curse
 j - a scroll of identify {unknown}
Potions
 b - a potion of agility {unknown}
 d - a potion of heal wounds {unknown}
Comestibles
 c - 4 rations


   Skills:
 + Level 0.1 Fighting
 + Level 0.1 Short Blades
 + Level 3.4 Dodging
 + Level 2.5 Stealth
 + Level 0.2 Unarmed Combat
 + Level 2.7 Spellcasting
   Level 0.7 Conjurations
 * Level 4.4 Ice Magic


You had 7 spell levels left.
You knew the following spells:

 Your Spells              Type           Power        Failure   Level  Hunger
a - Freeze                Ice            ##..         3%          1    #......

Your spell library contained the following spells:

 Spells                   Type           Power        Failure   Level  Hunger
 Throw Frost              Conj/Ice       #.....       12%         2    ###....
 Ozocubu's Armour         Chrm/Ice       #.......     26%         3    ###....
 Throw Icicle             Conj/Ice       #.......     58%         4    #####..
 Summon Ice Beast         Ice/Summ       #.......     65%         4    #####..


Dungeon Overview and Level Annotations

Branches:
Dungeon (2/15)

Altars:
Nemelex Xobeh

Annotations:
D:2 Sigmund


Message History

You freeze Sigmund.
Sigmund is almost dead.
Sigmund points at you and mumbles some strange words.
The magic dart hits you.
* * * LOW HITPOINT WARNING * * *
The rat closely misses you.
You hit Sigmund but do no damage.
Sigmund is almost dead.
Sigmund points at you and mumbles some strange words.
The magic dart hits you.
* * * LOW HITPOINT WARNING * * *
The rat barely misses you.
You hit Sigmund but do no damage.
Sigmund is almost dead.
Sigmund closely misses you. The rat misses you.
You hit Sigmund but do no damage.
Sigmund is almost dead.
Sigmund gestures at you while chanting. The puff of flame hits you.
You die...

#.# #.# .# #.# #.##
#.# #..... #.###
###....# #...#
#....... ###.#
##.#....#( #.#
##)..#..... #.#
#..@r....# .# #.#
#...@##### #.# #. #.#
#.#....... #.# #. #.#
###.######## #.# #.
#.# #...# #.# #. #.#
#.### #.# #. #.# #.#
#####.###. #.#
#.###########g..†..##.
#)#
#.#[.....(.(....#.....


You could see Sigmund and a rat.

Vanquished Creatures
  Robin (D:2)
  An adder (D:2)
  A worm (D:2)
  A leopard gecko (D:1)
  A ball python (D:1)
  7 bats
  A giant cockroach (D:2)
  17 goblins
  4 hobgoblins
  5 jackals
  A frilled lizard (D:1)
  4 kobolds
  3 rats
47 creatures vanquished.

Notes
Turn   | Place    | Note
-------+----------+-------------------------------------------
     0 | D:1      | ultravoices the Merfolk Ice Elementalist began the quest
                  | for the Orb.
     0 | D:1      | Reached XP level 1. HP: 13/13 MP: 3/3
   199 | D:1      | Reached XP level 2. HP: 8/19 MP: 1/5
   690 | D:1      | You fall through a shaft!
   725 | D:2      | Found a sparkling altar of Nemelex Xobeh.
   768 | D:2      | Reached XP level 3. HP: 24/24 MP: 4/6
  1280 | D:2      | Reached skill level 4 in Ice Magic
  1500 | D:2      | Reached XP level 4. HP: 30/30 MP: 5/7
  1527 | D:2      | Noticed Robin
  1607 | D:2      | Killed Robin
  1710 | D:2      | Noticed Sigmund
  1722 | D:2      | Killed from afar by Sigmund

Skill      XL: |  1  2  3 |
---------------+----------+-----
Dodging        | 3 |  3.4
Ice Magic      | 4 |  4.4
Fighting       | |  0.1
Short Blades   | |  0.1
Stealth        | |  2.5
Unarmed Combat | |  0.2
Spellcasting   | |  2.7
Conjurations   | |  0.7

Action                   |  1- 3 |  4- 6 || total
-------------------------+-------+-------++-------
Melee: Unarmed           |     8 |       ||     8
       Dagger            |    26 |       ||    26
       Short sword       |     1 |     7 ||     8
       Spear             |       |     3 ||     3
 Cast: Freeze            |    59 |    21 ||    80
  Use: Scroll            |       |     2 ||     2
 Stab: Sleeping          |     3 |       ||     3
  Eat: Chunk             |     3 |       ||     3
Armor: Robe              |    20 |     4 ||    24
Dodge: Dodged            |    88 |    27 ||   115
